 Dungeon Crawl Stone Soup version 0.27-a0-789-g6bb3289e1e (webtiles) character file.

Game seed: 6267121608207398397

3579 wakim the Frost Mage (level 10, -5/65 HPs)
             Began as an Octopode Ice Elementalist on Mar 26, 2021.
             Was an Elder of Qazlal.
             Slain by a manticore (9 damage)
             ... on level 7 of the Dungeon.
             The game lasted 00:24:47 (9567 turns).

wakim the Frost Mage (Octopode Ice Elementalist)    Turns: 9567, Time: 00:24:47

Health: -5/65      AC:  8    Str: 11    XL:     10   Next: 10%
Magic:  3/16       EV: 15    Int: 17    God:    Qazlal [****..]
Gold:   331        SH:  5    Dex: 13    Spells: 11/17 levels left

rFire    . . .     SeeInvis .     - Unarmed
rCold    + . .     Faith    .   (no shield)
rNeg     . . .     Spirit   .   (helmet restricted)
rPois    .         Reflect  .   (no amulet)
rElec    .         Harm     .   h - ring of protection from cold
rCorr    .         Rampage  .   (no ring)
Will     .....                  (no ring)
Stlth    ++........             (no ring)
HPRegen  0.20/turn              (no ring)
MPRegen  0.15/turn              (no ring)
                                (no ring)
                                (no ring)

@: ice-armoured, about to teleport, repel missiles
A: almost no armour, amphibious, 8 rings, camouflage 1, gelatinous body 1,
nimble swimmer 1, tentacles
a: Renounce Religion, Upheaval, Elemental Force


You were on level 7 of the Dungeon.
You worshipped Qazlal.
Qazlal was greatly pleased with you.
You visited 1 branch of the dungeon, and saw 8 of its levels.

You collected 331 gold pieces.

Inventory:

Hand Weapons
 b - a +0 whip of flaming
 s - a +1 rapier of distortion
Missiles
 c - 41 sling bullets
 l - 7 poisoned darts
 m - a throwing net
 n - 16 boomerangs
 o - 5 boomerangs of dispersal
Jewellery
 h - a ring of protection from cold (left tentacle)
Wands
 d - a wand of digging (2)
 e - a wand of charming (8)
 i - a wand of iceblast (9)
 p - a wand of paralysis (14)
 r - a wand of random effects (14)
Scrolls
 a - a scroll of enchant armour
 j - 2 scrolls of amnesia
 F - a scroll of fog
 Y - a scroll of teleportation {@r3}
 Z - a scroll of identify {@r1}
Potions
 q - a potion of flight {unknown}
 G - a potion of ambrosia
 J - 2 potions of curing {@q1}
 M - a potion of might
 P - 3 potions of lignification


   Skills:
 + Level 4.6 Fighting
 + Level 5.3 Dodging
 - Level 2.6 Stealth
 * Level 7.0 Unarmed Combat
 - Level 4.0 Spellcasting
 + Level 2.2 Transmutations
 + Level 9.0 Ice Magic
 + Level 4.1 Invocations


You had 11 spell levels left.
You knew the following spells:

 Your Spells              Type           Power      Damage    Failure   Level
b - Ozocubu's Armour      Ice            34%        N/A       1%          3
c - Frozen Ramparts       Ice            68%        1d8       1%          3

Your spell library contained the following spells:

 Spells                   Type           Power      Damage    Failure   Level
 Freeze                   Ice            100%       1d11      1%          1
 Ensorcelled Hibernation  Hex/Ice        36%        N/A       3%          2
 Corona                   Hex            3%         N/A       16%         1
 Sandblast                Erth           6%         2d5       16%         1
 Summon Small Mammal      Summ           12%        N/A       16%         1
 Passwall                 Tmut/Erth      5%         N/A       16%         2
 Call Imp                 Summ           3%         N/A       24%         2
 Hailstorm                Conj/Ice       18%        3d6       24%         4
 Summon Ice Beast         Ice/Summ       18%        N/A       24%         4
 Call Canine Familiar     Summ           3%         N/A       43%         3
 Confusing Touch          Hex            3%         N/A       43%         3
 Dazzling Flash           Conj/Hex       6%         N/A       43%         3
 Gell's Gravitas          Tloc           1%         N/A       43%         3
 Stone Arrow              Conj/Erth      6%         3d7       43%         3
 Summon Guardian Golem    Hex/Summ       3%         N/A       43%         3
 Tukima's Dance           Hex            3%         N/A       43%         3
 Metabolic Englaciation   Hex/Ice        9%         N/A       56%         5
 Petrify                  Tmut/Erth      7%         N/A       69%         4
 Summon Lightning Spire   Summ/Air       3%         N/A       83%         4
 Yara's Violent Unravell  Hex/Tmut       3%         3d4       95%         5
 Lee's Rapid Deconstruct  Erth           1%         3d5*      99%         5


Dungeon Overview and Level Annotations

Branches:
Dungeon (8/15)             Temple (0/1) D:5
   Lair: D:8-11

Altars:
Ashenzari
Dithmenos
Elyvilon
Gozag
Hepliaklqana
Makhleb
Qazlal
Vehumet
Zin


Innate Abilities, Weirdness & Mutations

You cannot wear most types of armour.
You are amphibious.
You can wear up to eight rings at the same time.
Your skin changes colour to match your surroundings (Stealth+).
Your rubbery body absorbs attacks. (AC +1, EV +1)
You are stealthy while swimming. (Stealth+)
You have tentacles for arms and can constrict up to eight enemies at once.


Message History

Deactivating autopickup; reactivate with Ctrl-A.
Something hits you.
* * * LOW HITPOINT WARNING * * *
Something shocks you.
* * * LOW HITPOINT WARNING * * *
Your icy armour and frozen ramparts will break if you move.
Continue?
Uppercase [Y]es or [N]o only, please.
Your icy armour and frozen ramparts will break if you move.
Continue?
Uppercase [Y]es or [N]o only, please.
Your icy armour and frozen ramparts will break if you move.
Continue? [Y]es or [N]o only, please.
Your icy armour and frozen ramparts will break if you move.
Continue?
Okay, then.
The wall freezes something.
You hear a shout!
The wall freezes something.
The wall freezes something.
Something hits you.
* * * LOW HITPOINT WARNING * * *
Something shocks you.
* * * LOW HITPOINT WARNING * * *
The wall freezes something.
The wall freezes something!
Reactivating autopickup.
You feel a bit more experienced.
Your Unarmed Combat skill increases to level 7!
Your Ice Magic skill increases to level 9!
A manticore comes into view.
The frozen ramparts melt away.
The manticore claws you.
* * * LOW HITPOINT WARNING * * *
Your icy armour will break if you move.
Continue?
Okay, then.
As you read the scroll of teleportation {@r3}, it crumbles to dust.
You feel strangely unstable.
Unknown command.
Casting: Ozocubu's Armour (safe; 1% risk of failure)
Confirm with . or Enter, or press ? or * to list all spells.
Your icy armour thickens.
The manticore claws you!
* * * LOW HITPOINT WARNING * * *
The manticore claws you!
You die...

####.###.# #.#
..##........# #.#
..####.##### #.# ..#
#.# #.# .. #.# #.#
#.###.#########.#
#..##...........##
#H.#######<......##
#@# #.#####.##
#.#######.# #.#.
##.#.......# #.#. .
#..#[####..# #.#. .#
##.##.# #..#####...
..# ##..##.#
#........#. #..#
##..###.####.########.
#...########...#
#....#[# #.
#............##
####.#)# #.


You could see a manticore.

Vanquished Creatures
  Pikel (D:4)
  A water moccasin (D:7)
  A black bear (D:3)
  3 ice beasts
  A sky beast (D:7)
  2 necrophages
  2 ogres
  4 lemures
  A kobold brigand (D:7)
  2 phantoms
  Blork the orc (D:6)
  3 bullfrogs
  A water moccasin zombie (D:5)
  A wyvern zombie (D:8)
  2 water moccasin skeletons
  4 scorpions
  7 killer bees (D:7)
  A wight (D:7)
  2 bullfrog zombies
  A centaur skeleton (D:5)
  2 centaur zombies
  3 jellies
  3 hounds
  2 orc priests
  4 iguanas
  Ijyb (D:3)
  7 orc wizards
  2 hound skeletons (D:4)
  Robin (D:4)
  A howler monkey skeleton (D:7)
  8 adders
  A white imp (D:6)
  2 ufetubi (D:3)
  A worm (D:2)
  4 dart slugs
  27 orcs
  6 ball pythons
  10 bats
  10 endoplasms
  A giant cockroach (D:1)
  14 goblins
  7 hobgoblins
  9 jackals (D:3)
  2 quokkas
  A frilled lizard (D:1)
  10 kobolds
  4 rats
184 creatures vanquished.

Notes
Turn   | Place    | Note
-------+----------+-------------------------------------------
     0 | D:1      | wakim the Octopode Ice Elementalist began the quest for the
                  | Orb.
     0 | D:1      | Reached XP level 1. HP: 11/11 MP: 3/3
   280 | D:1      | Reached XP level 2. HP: 17/17 MP: 3/5
  1092 | D:2      | Found a white marble altar of Elyvilon.
  1097 | D:2      | Reached XP level 3. HP: 20/21 MP: 3/6
  1181 | D:2      | Found a radiant altar of Vehumet.
  1365 | D:2      | Learned a level 3 spell: Frozen Ramparts
  1595 | D:2      | Learned a level 3 spell: Ozocubu's Armour
  1652 | D:2      | Found a faded altar of an unknown god.
  1657 | D:2      | Reached skill level 5 in Ice Magic
  1878 | D:2      | Became a worshipper of Qazlal Stormbringer
  1878 | D:2      | Reached * piety under Qazlal
  2234 | D:2      | Reached XP level 4. HP: 21/27 MP: 1/8
  3212 | D:3      | Reached ** piety under Qazlal
  3213 | D:3      | Reached XP level 5. HP: 31/31 MP: 5/9
  3220 | D:3      | Noticed a black bear
  3288 | D:3      | Killed a black bear
  3289 | D:3      | Reached skill level 6 in Ice Magic
  3413 | D:3      | Noticed Ijyb
  3422 | D:3      | Killed Ijyb
  3423 | D:3      | Reached XP level 6. HP: 31/36 MP: 4/10
  4215 | D:4      | Noticed Pikel
  4756 | D:4      | Noticed Robin
  4766 | D:4      | Killed Robin
  4859 | D:4      | Killed Pikel
  4860 | D:4      | Reached skill level 7 in Ice Magic
  4860 | D:4      | Reached XP level 7. HP: 41/45 MP: 2/11
  5115 | D:4      | Reached XP level 8. HP: 39/50 MP: 5/12
  5452 | D:4      | Found a broken altar of Ashenzari.
  5748 | D:4      | Reached skill level 8 in Ice Magic
  5863 | D:4      | Found a shadowy altar of Dithmenos.
  5968 | D:5      | Entered Level 5 of the Dungeon
  6305 | D:5      | Reached *** piety under Qazlal
  6378 | D:5      | Reached skill level 1 in Invocations
  6681 | D:5      | You fall into a shaft and drop 3 floors!
  6953 | D:7      | Reached skill level 5 in Unarmed Combat
  6953 | D:7      | Reached XP level 9. HP: 57/57 MP: 7/15
  7694 | D:6      | Noticed Blork the orc
  7702 | D:6      | Killed Blork the orc
  7840 | D:6      | Found a burning altar of Makhleb.
  8132 | D:6      | Reached skill level 1 in Transmutations
  8855 | D:6      | Found an opulent altar of Gozag.
  9022 | D:6      | Found a hazy altar of Hepliaklqana.
  9092 | D:7      | Found a glowing silver altar of Zin.
  9233 | D:7      | Reached skill level 5 in Dodging
  9495 | D:7      | Reached XP level 10. HP: 62/64 MP: 12/16
  9550 | D:7      | Reached **** piety under Qazlal
  9564 | D:7      | Reached skill level 9 in Ice Magic
  9564 | D:7      | Noticed a manticore
  9567 | D:7      | Slain by a manticore

Illustrated notes

Levels and vault maps discovered:
D:1:      minmay_arrival_hallway, layout_rooms, minmay_misc_feat_cross
D:2:      layout_loops_cross, vehumet_crystals, nicolae_elyvilon_peaceful_grove,
          chequers_ecumenical_altar_lobes
D:3:      layout_loops_corners, serial_rivers, chequers_serial_rivers_micro_c,
          chequers_serial_rivers_large_b, chequers_serial_rivers_large_a,
          chequers_serial_rivers_marsh, minmay_liquid_box, minmay_hedge_maze,
          minmay_misc_feat_hallway, uniq_ijyb
D:4:      layout_rooms, lemuel_coloured_pillars_altar, grunt_dithmenos_shadows,
          uniq_robin, uniq_pikel
D:5:      layout_cave_pools, minmay_temple_entry_nine_rooms
D:6:      layout_loops_ring, kennysheep_mini_moat, bloody_makhleb,
          grunt_gozag_breadcrumbs, uniq_blork_the_orc
D:7:      layout_loops_ring, zin_scriptorium, st_stairs_12, nzn_random_ring
D:8:      layout_basic, lemuel_round_altar, lemuel_doored_altar,
          grunt_decor_arrowhead

Skill      XL: |  1  2  3  4  5  6  7  8  9 10 |
---------------+-------------------------------+-----
Ice Magic      | 5 6 7 8 9 |  9.0
Spellcasting   | 3 4 |  4.0
Fighting       | 2 3 4 |  4.6
Dodging        | 3 4 5 |  5.3
Unarmed Combat | 3 5 6 7 |  7.0
Invocations    | 1 3 4 |  4.1
Transmutations | 1 2 |  2.2
Stealth        | |  2.6

Action                   |  1- 3 |  4- 6 |  7- 9 | 10-12 || total
-------------------------+-------+-------+-------+-------++-------
Melee: Dagger            |    10 |    48 |    13 |       ||    71
       Tentacles         |     1 |     7 |    33 |     3 ||    44
       Constrict         |     1 |    14 |    23 |     2 ||    40
       Punch             |       |       |     7 |       ||     7
       Unarmed           |       |       |   107 |    10 ||   117
       Whip              |       |       |    44 |       ||    44
 Cast: Freeze            |    47 |     8 |     1 |       ||    56
       Frozen Ramparts   |     1 |    31 |    53 |     3 ||    88
       Ozocubu's Armour  |       |     6 |    20 |     3 ||    29
Invok: Upheaval          |       |       |     1 |       ||     1
Evoke: Wand              |       |       |     1 |       ||     1
  Use: Scroll            |       |       |    16 |     1 ||    17
       Potion            |       |       |     4 |     1 ||     5
 Stab: Sleeping          |     5 |       |       |       ||     5
Armor: Skin              |     5 |    20 |    77 |     3 ||   105
Dodge: Dodged            |    26 |    86 |   139 |    11 ||   262
Block: Other             |     2 |     9 |    34 |     5 ||    50

Table legend: (Time is in decaauts)
 A = Elapsed time spent in this place.
 B = Non-inter-level travel time spent in this place.
 C = Inter-level travel time spent in this place.
 D = Time resting spent in this place.
 E = Time spent auto-exploring this place.
 F = Levels seen in this place.
 G = Mean time per level.
                   A        B        C        D        E       F      G
               +--------+--------+--------+--------+--------+-----+--------+
         Total |   9557 |   9438 |    119 |    334 |   7650 |   8 | 1194.6 |
       Dungeon |   9557 |   9438 |    119 |    334 |   7650 |   8 | 1194.6 |
               +--------+--------+--------+--------+--------+-----+--------+

Top non-repeatable levels by time:
     D:3: 2234 daAuts
     D:2: 1407 daAuts
     D:6: 1338 daAuts
     D:4: 1317 daAuts
     D:7: 1270 daAuts
     D:1: 1012 daAuts
     D:5: 709 daAuts
     D:8: 265 daAuts
